 Dungeon Crawl Stone Soup version 0.21-a0-59-g7b0e191 (webtiles) character file.

98 Duffy the Skirmisher (level 4, 29/29 HPs)
             Began as a Gargoyle Fighter on June 16, 2017.
             Was a Follower of Dithmenos.
             Quit the game on level 2 of the Dungeon.
             The game lasted 00:01:17 (1672 turns).

Duffy the Skirmisher (Gargoyle Fighter)             Turns: 1672, Time: 00:01:17

Health: 29/29      AC: 12    Str: 20    XL:     4   Next: 69%
Magic:  4/4        EV:  7    Int:  9    God:    Dithmenos [*.....]
Gold:   47         SH:  9    Dex:  9    Spells: 3/3 levels left

rFire    + . .     SeeInvis .   a - +0 war axe
rCold    . . .     Gourm    .   c - +0 shield
rNeg     + . .     Faith    .   p - +2 scale mail {rF+}
rPois    ∞         Spirit   .   (no helmet)
rElec    +         Reflect  .   (no cloak)
rCorr    .         Harm     .   (no gloves)
MR       .....                  (no boots)
Stlth    ..........             (no amulet)
HPRegen  0.09/turn              (no ring)
MPRegen  0.09/turn              (no ring)

@: wreathed by umbra
A: negative energy resistance 1, electricity resistance, unbreathing,
petrification resistance, rot immunity, AC +3
a: Renounce Religion


You were on level 2 of the Dungeon.
You worshipped Dithmenos.
Dithmenos was aware of your devotion.
You were not hungry.

You visited 1 branch of the dungeon, and saw 2 of its levels.

You collected 47 gold pieces.

Inventory:

Hand Weapons
 a - a +0 war axe (weapon)
Missiles
 j - a throwing net (quivered)
Armour
 b - a +0 scale mail
 c - a +0 shield (worn)
 p - a +2 scale mail of fire resistance (worn)
Scrolls
 e - a scroll of enchant armour {unknown}
 h - 4 scrolls of identify {unknown}
 n - a scroll of fog {unknown}
 q - a scroll of blinking {unknown}
Potions
 d - a potion of might
 k - 2 potions of flight {unknown}
 l - a potion of heal wounds {unknown}
 o - a potion of magic {unknown}
 r - a potion of curing {unknown}
Comestibles
 f - 2 bread rations
 g - 7 chunks of flesh
 i - a royal jelly
 m - a meat ration


   Skills:
 + Level 4.0 Fighting
 * Level 3.1 Axes
 + Level 3.7 Armour
 + Level 3.9 Shields


You had 3 spell levels left.
You didn't know any spells.

Dungeon Overview and Level Annotations

Branches:
Dungeon (2/15)

Altars:
Dithmenos
Fedhas
Nemelex Xobeh
Ru
Sif Muna


Innate Abilities, Weirdness & Mutations

You are resistant to torment.
Your stone body is resilient. (AC +3)
You are immune to poison.
You resist negative energy. (rN+)
You are resistant to electric shocks. (rElec)
You can survive without breathing.
You are immune to petrification.
You are immune to rotting.


Message History

The kobold hits you but does no damage.
You closely miss the kobold.
The kobold is heavily wounded.
You block the kobold's attack.
You slash the kobold!
You kill the kobold!
No target in view!
No target in view!
Things that are here:
a stone; a kobold corpse You start resting.
HP restored.
Press: ? - help, v - describe, . - travel A sacrificial altar of Ru.
There is a faded altar of an unknown god here.
You cannot tell which god this altar belongs to.
Convert to them anyway?
Dithmenos accepts your prayer! Dithmenos welcomes you!
You are shrouded in an aura of darkness!
Are you sure you want to abandon this character and quit the game? (Confirm with "yes".)

.#......### #..#
..........##_ #..#
##.####.#.##.#
#..#
.....##.###...##
#..# .....##.##..
..# #..#
.....##)##.# #.#
#..#
.....##.##.###.##
#..#
.....##.##.#_...##
#..#
.....##.'..#.(..@#
.....#####.#_...##
.....# #.###(##
##.## #.###(#
....# #..#.(#
....# ##...##
....# ##.## ....#
#_# ....# ###


There were no monsters in sight!

Vanquished Creatures
  4 adders (D:2)
  2 worms (D:2)
  A dart slug (D:2)
  A leopard gecko (D:1)
  2 giant cockroaches (D:1)
  6 goblins
  8 hobgoblins
  11 jackals
  5 bats
  A frilled lizard (D:1)
  3 kobolds
  3 rats
47 creatures vanquished.

Notes
Turn   | Place    | Note
-------+----------+-------------------------------------------
     0 | D:1      | Duffy the Gargoyle Fighter began the quest for the Orb.
     0 | D:1      | Reached XP level 1. HP: 14/14 MP: 1/1
   285 | D:1      | Reached XP level 2. HP: 17/19 MP: 2/2
   488 | D:1      | Reached XP level 3. HP: 21/23 MP: 3/3
  1138 | D:2      | Reached XP level 4. HP: 29/29 MP: 4/4
  1161 | D:2      | Found a blossoming altar of Fedhas.
  1540 | D:2      | Reached skill level 4 in Fighting
  1635 | D:2      | Found a deep blue altar of Sif Muna.
  1635 | D:2      | Found a sparkling altar of Nemelex Xobeh.
  1641 | D:2      | Found a faded altar of an unknown god.
  1645 | D:2      | Found a shadowy altar of Dithmenos.
  1647 | D:2      | Found a sacrificial altar of Ru.
  1671 | D:2      | Became a worshipper of Dithmenos the Shadowed
  1671 | D:2      | Reached * piety under Dithmenos
  1672 | D:2      | Quit the game

Vault maps used:
D:1:      ncdulo_watergridlock
D:2:      chequers_temple_overflow_minitemple, lemuel_doored_altar, uniq_terence

Skill      XL: |  1  2  3  4 |
---------------+-------------+-----
Axes           | 2 3 |  3.1
Fighting       | 4 |  4.0
Armour         | |  3.7
Shields        | |  3.9

Action                   |  1- 3 |  4- 6 || total
-------------------------+-------+-------++-------
Melee: War axe           |   142 |    55 ||   197
  Eat: Chunk             |     1 |     2 ||     3
Armor: Scale mail        |   118 |    22 ||   140
Dodge: Dodged            |    60 |    15 ||    75
Block: Shield            |   109 |    28 ||   137
